[Event "Titled Tuesday Blitz May 23 Early 2023"]
[White "Zavortink, Matt"]
[Black "Skliarov, Viktor"]
[WhiteFideId "2034263"]
[BlackFideId "14106736"]
[WhiteElo "2476"]
[BlackElo "2317"]
[Result "0-1"]
[Round "06"]
[TimeControl "180+2"]
[Date "2023.05.23"]
[WhiteClock "0:00:08"]
[BlackClock "0:00:19"]

1. Nf3 g6 2. e4 c5 3. c3 Bg7 4. d4 cxd4 5. cxd4 d5 6. e5 Nc6 7. Bb5 a6 8. Bxc6+ bxc6 9. O-O f6 10. Bf4 Nh6 11. exf6 exf6 12. Re1+ Kf7 13. Nbd2 Nf5 14. Nb3 g5 15. Be3 Re8 16. Qd2 g4 17. Ng5+ fxg5 18. Bxg5 Bf6 19. Bxf6 Qxf6 20. Rxe8 Kxe8 21. Re1+ Kf7 22. Qf4 h5 23. Qc7+ Ne7 24. Na5 Bf5 25. Nxc6 Re8 26. Ne5+ Kf8 27. b4 Ng6 28. a4 Nxe5 29. dxe5 Qe7 30. Qb6 Qe6 31. Qc5+ Kg7 32. b5 axb5 33. axb5 Be4 34. b6 Qxe5 35. f3 gxf3 36. gxf3 Qg5+ 37. Kf2 Qh4+ 38. Kf1 Bd3+ 39. Kg2 Qg5+ 40. Kf2 Qd2+ 0-1


[Site "https://www.chess.com"]

[Event "Titled Tuesday Blitz May 23 Early 2023"]
[White "Jeet, Jain"]
[Black "Shubenkova, Veronika"]
[WhiteFideId "5073022"]
[BlackFideId "44124040"]
[WhiteElo "2067"]
[BlackElo "2060"]
[Result "1-0"]
[Round "06"]
[TimeControl "180+2"]
[Date "2023.05.23"]
[WhiteClock "0:01:29"]
[BlackClock "0:00:28"]

1. Nf3 d5 2. b3 Nf6 3. e3 g6 4. Bb2 Bg7 5. c4 c6 6. Nc3 O-O 7. d4 Bg4 8. h3 Bf5 9. Ne5 Nbd7 10. g4 Be6 11. f4 Ne4 12. Nxe4 dxe4 13. Bg2 Nxe5 14. fxe5 Bh6 15. Qe2 Qa5+ 16. Qd2 Qxd2+ 17. Kxd2 f5 18. exf6 Rxf6 19. Raf1 Raf8 20. Ke2 b5 21. Rxf6 exf6 22. cxb5 cxb5 23. Bxe4 Re8 24. Bc6 Rc8 25. Rc1 b4 26. d5 Bf7 27. Bxf6 Bf8 28. Bd4 a5 29. e4 h5 30. g5 Be8 31. h4 Bd6 32. e5 Bb8 33. Rc4 Bxc6 34. Rxc6 Rxc6 35. dxc6 Bc7 36. Bc5 Kf7 37. Bd6 Bb6 38. c7 1-0


[Site "https://www.chess.com"]

[Event "Titled Tuesday Blitz May 23 Early 2023"]
[White "Garakov, Mikhael"]
[Black "Lewicki, Miroslaw"]
[WhiteFideId "4169034"]
[BlackFideId "1113380"]
[WhiteElo "2347"]
[BlackElo "2212"]
[Result "1/2-1/2"]
[Round "06"]
[TimeControl "180+2"]
[Date "2023.05.23"]
[WhiteClock "0:00:11"]
[BlackClock "0:00:10"]

1. e4 b6 2. d4 Bb7 3. Bd3 Nf6 4. Qe2 e6 5. Nf3 d5 6. e5 Nfd7 7. O-O c5 8. c3 Be7 9. a3 O-O 10. b4 Re8 11. Nbd2 Nf8 12. Re1 Nbd7 13. Nf1 f6 14. Ng3 cxd4 15. cxd4 fxe5 16. dxe5 a5 17. Bd2 axb4 18. axb4 Rxa1 19. Rxa1 Qc7 20. Nh5 g6 21. Nf4 Ra8 22. Rc1 Qb8 23. h4 Ra2 24. Qe1 Rxd2 25. Qxd2 Nxe5 26. Nxe5 Qxe5 27. Re1 Qf6 28. h5 g5 29. Ne2 e5 30. Ng3 e4 31. Bb1 Qd6 32. Ba2 Kh8 33. Rd1 Qe6 34. Bxd5 Bxd5 35. Qxd5 Qxd5 36. Rxd5 Bxb4 37. h6 e3 38. fxe3 Bc5 39. Kf2 Kg8 40. Rxg5+ Kf7 41. Rg7+ Ke6 42. Rxh7 Nxh7 43. Ne4 Ke5 44. Kf3 Be7 45. Nc3 Ng5+ 46. Ke2 Ne4 47. Nb5 Bf6 48. Kd3 Nf2+ 49. Kc4 Ng4 50. Nc7 Kd6 51. Ne8+ Ke7 52. Nxf6 Kxf6 53. Kb5 Nxe3 54. Kxb6 Nxg2 55. h7 Kg7 56. h8=Q+ Kxh8 1/2-1/2


[Site "https://www.chess.com"]

[Event "Titled Tuesday Blitz May 23 Early 2023"]
[White "Melikyan, Gnel"]
[Black "Mouhamad, Joachim"]
[WhiteFideId "54109990"]
[BlackFideId "656410"]
[WhiteElo "2138"]
[BlackElo "2125"]
[Result "1-0"]
[Round "06"]
[TimeControl "180+2"]
[Date "2023.05.23"]
[WhiteClock "0:00:07"]
[BlackClock "0:00:00"]

1. e4 c5 2. Nf3 Nc6 3. Bb5 g6 4. O-O Bg7 5. c3 Nf6 6. Re1 O-O 7. d4 d5 8. e5 Ne4 9. h3 Qb6 10. a4 a6 11. Bxc6 bxc6 12. a5 Qb7 13. Nbd2 Bf5 14. b3 Rab8 15. Nxe4 Bxe4 16. Nd2 Bf5 17. Ba3 cxd4 18. cxd4 f6 19. exf6 Bxf6 20. Bc5 Qc7 21. Qe2 Rfe8 22. Qxa6 e5 23. dxe5 Bxe5 24. Rac1 Bh2+ 25. Kh1 Bf4 26. Be3 Bxe3 27. Rxe3 Rxe3 28. fxe3 Bd7 29. Ra1 Qe5 30. Rf1 Qxe3 31. Nf3 Rf8 32. Qb7 Bf5 33. Qxc6 Be4 34. Qe6+ Kg7 35. Qe5+ Kg8 36. a6 Qe2 37. Re1 Qf2 38. Rg1 Bxf3 39. Qe6+ Kg7 40. gxf3 Qxf3+ 41. Rg2 Qf1+ 42. Kh2 Qf4+ 43. Kh1 Rf6 44. Qe7+ Kh6 45. a7 Qf1+ 46. Kh2 Qf4+ 47. Kh1 Qc1+ 48. Rg1 Rf1 49. Qh4+ Kg7 50. Qd4+ Kh6 51. a8=Q 1-0


[Site "https://www.chess.com"]

[Event "Titled Tuesday Blitz May 23 Early 2023"]
[White "Lopez Mulet, Inigo"]
[Black "Senft, Sean"]
[WhiteFideId "22235620"]
[BlackFideId "2044960"]
[WhiteElo "2289"]
[BlackElo "1989"]
[Result "0-1"]
[Round "06"]
[TimeControl "180+2"]
[Date "2023.05.23"]
[WhiteClock "0:00:48"]
[BlackClock "0:00:05"]

1. c4 c5 2. Nc3 Nc6 3. g3 g6 4. Bg2 Bg7 5. e4 e5 6. Nge2 Nge7 7. d3 O-O 8. Be3 d6 9. Qd2 Nd4 10. O-O-O Rb8 11. h4 b5 12. h5 bxc4 13. dxc4 Be6 14. Bh6 Bxc4 15. hxg6 fxg6 16. Bxg7 Kxg7 17. Qh6+ Kf7 18. Qxh7+ Ke8 19. Nxd4 cxd4 20. Nd5 Bxd5 21. exd5 Rxf2 22. Qh8+ Kd7 23. Bh3+ Kc7 24. Qxd8+ Kxd8 25. Rhf1 Rbxb2 26. Rxf2 Rxf2 27. Be6 Rxa2 28. Kb1 Rg2 29. g4 Kc7 30. Rh1 d3 31. Kc1 e4 32. Kd1 e3 33. Re1 Rd2+ 34. Kc1 Rc2+ 35. Kb1 d2 36. Rd1 e2 37. Kxc2 e1=Q 38. Rxd2 Qe4+ 39. Kc3 a5 40. Rd4 Qe3+ 41. Kc4 Nc8 42. Rd3 Qc5+ 43. Kb3 Qb4+ 44. Kc2 Nb6 45. Rc3+ Kb7 46. g5 a4 47. Bh3 Nc4 48. Kd3 Nb2+ 49. Kc2 Nc4 50. Bf1 Ne5 51. Be2 Kb6 52. Bd1 Ka5 53. Rc8 Qe4+ 54. Kc1 Qxd5 55. Bc2 Qh1+ 56. Kb2 Qb7+ 0-1


[Site "https://www.chess.com"]

[Event "Titled Tuesday Blitz May 23 Early 2023"]
[White "Gurevich, Dmitry"]
[Black "Al-Tarboush, Ward"]
[WhiteFideId "2000407"]
[BlackFideId "7601450"]
[WhiteElo "2506"]
[BlackElo "2265"]
[Result "0-1"]
[Round "06"]
[TimeControl "180+2"]
[Date "2023.05.23"]
[WhiteClock "0:01:08"]
[BlackClock "0:01:06"]

1. d4 Nf6 2. c4 b6 3. Nc3 Bb7 4. f3 d5 5. cxd5 Nxd5 6. e4 Nxc3 7. bxc3 e5 8. Be3 exd4 9. cxd4 Bb4+ 10. Kf2 O-O 11. Bd3 Bc3 12. Ne2 Bxa1 13. Qxa1 Nc6 14. Rc1 Ne5 15. Bb1 Ng6 16. Kg1 Qe7 17. Ng3 f5 18. d5 f4 19. Bd4 fxg3 20. hxg3 Rac8 21. a4 c6 22. d6 Qxd6 23. Bxg7 Rf7 24. Ba2 Rc7 25. Rd1 Qc5+ 26. Bd4 Qg5 27. Bh8 Nxh8 0-1


[Site "https://www.chess.com"]

[Event "Titled Tuesday Blitz May 23 Early 2023"]
[White "Mazarini41"]
[Black "Fiorito, Joaquin"]
[BlackFideId "180173"]
[WhiteElo "2453"]
[BlackElo "2157"]
[Result "1-0"]
[Round "06"]
[TimeControl "180+2"]
[Date "2023.05.23"]
[WhiteClock "0:00:09"]
[BlackClock "0:00:07"]

1. d4 Nf6 2. c4 e6 3. g3 d5 4. Bg2 Bb4+ 5. Nd2 O-O 6. Nf3 dxc4 7. Qc2 b5 8. a4 c6 9. axb5 cxb5 10. Ng5 h6 11. h4 Qxd4 12. Bxa8 Rd8 13. Bg2 hxg5 14. hxg5 Ng4 15. Qh7+ Kf8 16. O-O Bxd2 17. Bxd2 Qxd2 18. Rxa7 Nd7 19. Qh8+ Ke7 20. Qxg7 Qxe2 21. g6 Rf8 22. gxf7 Rxf7 23. Qg5+ Nf6 24. Qxb5 Rh7 25. Qc5+ Kd8 26. Qc7+ Ke7 27. Qxc8 Qh5 28. Re1 Rf7 29. Bc6 Kd6 30. Bxd7 Nxd7 31. Qc7+ Kd5 32. Ra5+ 1-0


[Site "https://www.chess.com"]

[Event "Titled Tuesday Blitz May 23 Early 2023"]
[White "Bodnaruk, Anastasia"]
[Black "Yeritsyan, Hayk"]
[WhiteFideId "4181751"]
[BlackFideId "13307320"]
[WhiteElo "2304"]
[BlackElo "2449"]
[Result "0-1"]
[Round "06"]
[TimeControl "180+2"]
[Date "2023.05.23"]
[WhiteClock "0:00:00"]
[BlackClock "0:00:15"]

1. e4 c6 2. d4 d5 3. e5 Bf5 4. Nf3 e6 5. Be2 Ne7 6. O-O Nd7 7. Nbd2 c5 8. c4 Rc8 9. Nb3 dxc4 10. Bxc4 Nc6 11. Re1 Be7 12. d5 exd5 13. Bxd5 O-O 14. Bf4 Nb6 15. Be4 Bxe4 16. Rxe4 Qxd1+ 17. Rxd1 Rfd8 18. Ree1 h6 19. Bc1 Nb4 20. a3 Nd3 21. Re2 c4 22. Nbd4 Bc5 23. Be3 Nd5 24. Rc2 Nxe3 25. fxe3 b5 26. Kf1 a6 27. Ke2 Rd5 28. b3 Bxa3 29. bxc4 bxc4 30. Ra1 Bf8 31. Ra4 Nb4 32. Rc3 a5 33. e6 fxe6 34. Nxe6 Be7 35. Nfd4 Bf6 36. Kf3 Bxd4 37. exd4 Re8 38. Nf4 Rxd4 39. Rxa5 Rxf4+ 40. Kxf4 Nd3+ 41. Kf3 Kh7 42. Kg3 Re3+ 43. Kg4 Nf2+ 0-1


[Site "https://www.chess.com"]

[Event "Titled Tuesday Blitz May 23 Early 2023"]
[White "Novik, Maxim"]
[Black "Kovalevsky, Stanislav"]
[WhiteFideId "4102924"]
[BlackFideId "13508598"]
[WhiteElo "2287"]
[BlackElo "2174"]
[Result "1-0"]
[Round "06"]
[TimeControl "180+2"]
[Date "2023.05.23"]
[WhiteClock "0:01:40"]
[BlackClock "0:01:01"]

1. d4 Nf6 2. c4 e6 3. Nc3 Bb4 4. e3 d5 5. a3 Be7 6. cxd5 exd5 7. Bd3 O-O 8. Nge2 c5 9. O-O Nc6 10. dxc5 Bxc5 11. b4 Bb6 12. Na4 Bc7 13. Bb2 Ng4 14. h3 Qh4 15. Nf4 g5 16. Nxd5 Bh2+ 17. Kh1 Nxf2+ 18. Rxf2 Qxf2 19. Nf6+ Kh8 20. Ng4+ Be5 21. Nxf2 Bxb2 1-0


[Site "https://www.chess.com"]

[Event "Titled Tuesday Blitz May 23 Early 2023"]
[White "GMFYHR1"]
[Black "Thecourseoisildur"]
[WhiteElo "2424"]
[BlackElo "2581"]
[Result "0-1"]
[Round "06"]
[TimeControl "180+2"]
[Date "2023.05.23"]
[WhiteClock "0:00:21"]
[BlackClock "0:00:17"]

1. e4 c5 2. Nf3 d6 3. d4 cxd4 4. Nxd4 Nf6 5. Nc3 a6 6. Bg5 e6 7. f4 Be7 8. Qf3 h6 9. Bh4 e5 10. fxe5 dxe5 11. Nf5 Bxf5 12. exf5 Nc6 13. Bd3 Bb4 14. O-O Bxc3 15. bxc3 O-O 16. Rab1 Rb8 17. Be4 Qd6 18. Rfd1 Qc5+ 19. Bf2 Qc4 20. Bd3 Qxc3 21. Bh4 Qd4+ 22. Bf2 Qa4 23. Kh1 e4 24. Qf4 Qxa2 25. Bxe4 Qc4 26. Bd4 Nxd4 27. Bxb7 Rfd8 28. h3 Qxc2 29. Be4 Qxe4 30. Rxb8 Qxf4 31. Rxd8+ Kh7 32. R8xd4 Qxf5 33. Ra4 a5 34. Rda1 Ne4 35. Rxa5 Qf4 36. R5a4 Ng3+ 37. Kg1 Qe3+ 38. Kh2 Qe5 39. Kg1 Ne2+ 40. Kh1 Nf4 41. Ra5 Qe4 42. R1a2 Nxh3 43. R5a4 Qe1+ 44. Kh2 Ng5 45. Ra7 Qh4+ 46. Kg1 Ne4 47. Rxf7 Qe1+ 48. Kh2 Qg3+ 49. Kg1 Ng5 50. Rf1 Nh3+ 51. Kh1 Nf4 52. Raf2 Nd3 53. Rf3 Qh4+ 54. Kg1 Qd4+ 55. Kh1 Ne5 56. Rf4 Qd5 57. Rf5 Qd4 58. R5f4 Qd8 59. Rf8 Qh4+ 60. Kg1 Ng4 61. R1f3 Qh2+ 62. Kf1 Qh1+ 63. Ke2 Qxg2+ 64. Kd3 Ne5+ 65. Ke4 Nxf3 66. Rxf3 Qxf3+ 67. Kxf3 Kg6 68. Kg4 h5+ 69. Kh4 Kh6 70. Kh3 g5 71. Kg3 Kg6 72. Kh3 Kf5 73. Kg3 h4+ 74. Kh3 Kf4 75. Kh2 g4 76. Kg2 h3+ 77. Kh2 Kf3 78. Kh1 g3 79. Kg1 g2 80. Kh2 Kf2 81. Kxh3 g1=Q 0-1


[Site "https://www.chess.com"]

[Event "Titled Tuesday Blitz May 23 Early 2023"]
[White "Melian, Juan Sebastian"]
[Black "Matveeva, Olga"]
[WhiteFideId "3706575"]
[BlackFideId "24107018"]
[WhiteElo "2092"]
[BlackElo "2009"]
[Result "1/2-1/2"]
[Round "06"]
[TimeControl "180+2"]
[Date "2023.05.23"]
[WhiteClock "0:00:04"]
[BlackClock "0:00:46"]

1. d4 Nf6 2. c4 d6 3. Nc3 e5 4. e3 Be7 5. Nge2 O-O 6. g3 Re8 7. Bg2 exd4 8. Nxd4 c6 9. O-O Nbd7 10. b3 Nc5 11. b4 Ncd7 12. Bb2 a5 13. a3 Ne5 14. Qe2 Bg4 15. f3 Be6 16. Nxe6 fxe6 17. Rad1 axb4 18. axb4 Qb6 19. b5 d5 20. cxd5 exd5 21. bxc6 bxc6 22. Na4 Nxf3+ 23. Qxf3 Rxa4 24. Bxf6 Bxf6 25. Kh1 Qxe3 26. Qh5 Qe5 27. Qh3 Raa8 28. Qd7 Qe6 29. Rxd5 1/2-1/2


[Site "https://www.chess.com"]

[Event "Titled Tuesday Blitz May 23 Early 2023"]
[White "LeoLV10"]
[Black "Danielyan, Vahe"]
[BlackFideId "13304828"]
[WhiteElo "2404"]
[BlackElo "2423"]
[Result "1/2-1/2"]
[Round "06"]
[TimeControl "180+2"]
[Date "2023.05.23"]
[WhiteClock "0:00:13"]
[BlackClock "0:00:09"]

1. e4 c5 2. Nf3 d6 3. d4 cxd4 4. Nxd4 Nf6 5. Nc3 a6 6. Bg5 Nbd7 7. f4 Qc7 8. Qe2 e6 9. O-O-O Be7 10. g4 h6 11. Bh4 g5 12. fxg5 hxg5 13. Bxg5 Ne5 14. Bxf6 Bxf6 15. Kb1 Bd7 16. Rg1 Rc8 17. g5 Be7 18. h3 b5 19. a3 Nc4 20. Rg3 Qb7 21. Bg2 b4 22. axb4 Qxb4 23. Nb3 a5 24. Na2 Qb6 25. Rc3 Bb5 26. Qe1 a4 27. Nd4 Bd7 28. b4 Bxg5 29. Qe2 Qa6 30. Bf1 Bf6 31. Rxc4 Qxc4 32. Qxc4 Rxc4 33. Bxc4 Rxh3 34. Nb5 d5 35. exd5 exd5 36. Nc7+ Kf8 37. Nxd5 Be5 38. Re1 Bd6 39. b5 Rh4 40. Bd3 Rd4 41. Ndc3 a3 42. Kc1 Rh4 43. Re4 Rh1+ 44. Kd2 f5 45. Ra4 f4 46. Ra6 Ke7 47. Nd5+ Ke6 48. Nc7+ Ke5 49. Na8 Ra1 50. Nb6 Be6 51. Nc3 Bb4 52. Nc4+ Bxc4 53. Bxc4 f3 54. Kd3 f2 55. Ke3 f1=Q 56. Bxf1 Rxf1 57. Ne2 Ra1 58. b6 Bc5+ 59. Kd3 a2 60. b7 Rd1+ 61. Kc3 Rd8 62. Rxa2 Rb8 63. Rb2 Kd6 64. Rb5 Kc6 65. Rb3 Rxb7 66. Rxb7 Kxb7 67. Kc4 Bb6 68. Nc3 Bc7 69. Nd5 Bb8 70. Nb4 Kb6 71. Kd5 Bh2 72. c4 Bg1 73. Nd3 Kc7 74. Ne5 Kb7 75. Nf3 Bf2 76. Nd4 Bxd4 77. Kxd4 Kc6 78. c5 Kd7 79. Kd5 Kc7 80. c6 Kc8 81. Kc5 Kc7 82. Kd5 Kc8 83. Kd6 Kd8 84. Ke6 Kc7 85. Kd5 1/2-1/2


[Site "https://www.chess.com"]

[Event "Titled Tuesday Blitz May 23 Early 2023"]
[White "Spata, German"]
[Black "Smith, Shreyas"]
[WhiteFideId "113026"]
[BlackFideId "7400713"]
[WhiteElo "2260"]
[BlackElo "2151"]
[Result "1-0"]
[Round "06"]
[TimeControl "180+2"]
[Date "2023.05.23"]
[WhiteClock "0:00:06"]
[BlackClock "0:00:00"]

1. Nf3 d5 2. e3 Nf6 3. c4 e6 4. Nc3 a6 5. d4 dxc4 6. Bxc4 b5 7. Be2 Bb7 8. O-O c5 9. b3 Be7 10. Bb2 O-O 11. dxc5 Bxc5 12. Rc1 Nbd7 13. Qc2 Rc8 14. Qb1 Qe7 15. Rfd1 Rfd8 16. h3 h6 17. Nd2 Ba3 18. Bf3 Bxf3 19. Nxf3 Bxb2 20. Qxb2 Nc5 21. Nd4 Qb7 22. Qe2 b4 23. Nb1 Nce4 24. Nf3 Qb6 25. Qb2 Nd5 26. a3 a5 27. axb4 axb4 28. Nbd2 Ndc3 29. Re1 Qb5 30. Nxe4 Nxe4 31. Nd4 Qb6 32. Rc4 Rxc4 33. bxc4 Qc5 34. Rc1 Rc8 35. Nb3 Qb6 36. c5 Qb5 37. Nd4 Qa4 38. c6 Nc3 39. Ra1 Ne2+ 40. Nxe2 Qxc6 41. Nd4 Qc3 42. Qxc3 bxc3 43. Rc1 1-0


[Site "https://www.chess.com"]

[Event "Titled Tuesday Blitz May 23 Early 2023"]
[White "robertoalejandro10"]
[Black "Rodriguez Santiago, Jaime"]
[BlackFideId "3100898"]
[WhiteElo "2565"]
[BlackElo "2025"]
[Result "1-0"]
[Round "06"]
[TimeControl "180+2"]
[Date "2023.05.23"]
[WhiteClock "0:00:06"]
[BlackClock "0:00:19"]

1. Nf3 Nf6 2. c4 e6 3. g3 d5 4. b3 c5 5. cxd5 exd5 6. Bg2 Nc6 7. O-O Be7 8. Bb2 O-O 9. d4 b6 10. Nc3 cxd4 11. Nxd4 Nxd4 12. Qxd4 Bb7 13. Rad1 Bc5 14. Qd2 Bb4 15. Qf4 Qe7 16. Nxd5 Nxd5 17. Bxd5 Bxd5 18. Rxd5 Rad8 19. Re5 Qd6 20. Qg4 f6 21. Qc4+ Kh8 22. Re6 Qc5 23. Rc6 Qxc4 24. Rxc4 Rd2 25. Bc1 Rxa2 26. Rxb4 Rxe2 27. Be3 Rc8 28. Ra1 a5 29. Rxb6 h5 30. Rxa5 Rcc2 31. Rxh5+ Kg8 32. Ra5 Kh7 33. Ra7 Kg6 34. Rbb7 Kf5 35. Rxg7 Ke4 36. Raf7 f5 37. Rg5 Re1+ 38. Kg2 Kd3 39. Rgxf5 Ke2 40. Re7 Rb1 41. Bg5+ Kd1 42. Rd5+ 1-0


[Site "https://www.chess.com"]

[Event "Titled Tuesday Blitz May 23 Early 2023"]
[White "Omelja, Artem"]
[Black "Gutkin, Ilya"]
[WhiteFideId "14119846"]
[BlackFideId "16203470"]
[WhiteElo "2404"]
[BlackElo "2265"]
[Result "1-0"]
[Round "06"]
[TimeControl "180+2"]
[Date "2023.05.23"]
[WhiteClock "0:00:07"]
[BlackClock "0:00:03"]

1. e4 e6 2. d3 d5 3. Nd2 Nf6 4. Ngf3 b6 5. g3 Be7 6. Bg2 dxe4 7. Ng5 Bb7 8. O-O O-O 9. Ngxe4 Qc8 10. Qe2 Nbd7 11. Re1 c5 12. b3 Nxe4 13. Nxe4 Nf6 14. Bb2 Nxe4 15. Bxe4 Bxe4 16. Qxe4 Qd8 17. Qf3 Bf6 18. Bxf6 Qxf6 19. Qxf6 gxf6 20. a4 Rfd8 21. Re4 Rd4 22. Rae1 f5 23. Rxd4 cxd4 24. f4 Rc8 25. Re2 Kf8 26. Kf1 Ke7 27. Ke1 Kd6 28. Kd2 f6 29. Rf2 a6 30. Kc1 h5 31. Kb2 Kd5 32. Kc1 Rg8 33. Kd2 Rg4 34. Ke2 b5 35. axb5 axb5 36. Kf3 Rg8 37. h3 b4 38. Re2 Ra8 39. g4 fxg4+ 40. hxg4 hxg4+ 41. Kxg4 Ra1 42. Rg2 Rf1 43. Re2 e5 44. fxe5 fxe5 45. Kg3 Ke6 46. Kg2 Rf7 47. Rf2 Rf4 48. Kg3 Kf5 49. Rh2 Rf1 50. Rh8 Rc1 51. Rf8+ Kg5 52. Rc8 Kf5 53. Kf3 Rf1+ 54. Ke2 Rh1 55. Rc4 Rh2+ 56. Kd1 Kf4 57. Rxb4 Ke3 58. Kc1 e4 59. dxe4 Kxe4 60. Rb8 d3 61. Re8+ Kf4 62. cxd3 Rg2 63. b4 Kf5 64. Re4 Rf2 65. b5 Rh2 66. b6 Rh7 67. Kc2 Rb7 68. Rb4 Ke5 69. Kc3 Kd5 70. d4 Kc6 71. Kc4 Kd6 72. Kb5 Rb8 73. Ka6 Kc6 74. Rc4+ Kd5 75. Rc1 Kd6 76. Ka7 Rd8 77. b7 Rd7 78. Ka8 Rxb7 79. Kxb7 1-0


[Site "https://www.chess.com"]

[Event "Titled Tuesday Blitz May 23 Early 2023"]
[White "Gontcharov, Vladislav"]
[Black "DIM90"]
[WhiteFideId "4123492"]
[WhiteElo "2420"]
[BlackElo "2265"]
[Result "1/2-1/2"]
[Round "06"]
[TimeControl "180+2"]
[Date "2023.05.23"]
[WhiteClock "0:00:05"]
[BlackClock "0:00:22"]

1. d4 e5 2. dxe5 Nc6 3. Nf3 Qe7 4. Bf4 Qb4+ 5. Bd2 Qxb2 6. Nc3 Bb4 7. Rb1 Qxc3 8. Bxc3 Bxc3+ 9. Nd2 Nxe5 10. e3 Nf6 11. Bd3 d5 12. O-O O-O 13. Be2 Ba5 14. Nf3 Nxf3+ 15. Bxf3 c6 16. Qd3 Bb6 17. a4 Re8 18. h3 Re7 19. Qc3 Ne4 20. Bxe4 Rxe4 21. a5 Bc7 22. a6 Bb6 23. Rb4 Re8 24. Rg4 g6 25. Rb1 bxa6 26. Qxc6 Bxg4 27. hxg4 Rad8 28. Rd1 d4 29. exd4 Bxd4 30. Rxd4 Re1+ 31. Kh2 Rxd4 32. Qc8+ Kg7 33. Qc3 Rd1 34. Kg3 Rd2 35. g5 h6 36. gxh6+ Kxh6 37. Qc8 Kg7 38. Kf3 Rd6 39. Qc3+ R2d4 40. Ke3 Kf6 41. Qc7 R4d5 42. Kf3 Rf5+ 43. Kg3 Re6 44. Qc3+ Ke7 45. Qb4+ Kf6 46. Qb2+ Ke7 47. Qb7+ Kf6 48. Qxa7 Kg7 49. Qd4+ Ref6 50. f3 g5 51. Kf2 Kg6 52. Kg3 Rf4 53. Qd3+ Kg7 54. c4 R4f5 55. Qd4 Rf4 56. Qd3 R4f5 57. Qd4 Rf4 58. Qd5 R4f5 59. Qd4 1/2-1/2


[Site "https://www.chess.com"]

[Event "Titled Tuesday Blitz May 23 Early 2023"]
[White "Klepikov, Nikita"]
[Black "Tristan, Leonardo"]
[WhiteFideId "24145220"]
[BlackFideId "113816"]
[WhiteElo "2025"]
[BlackElo "2461"]
[Result "0-1"]
[Round "06"]
[TimeControl "180+2"]
[Date "2023.05.23"]
[WhiteClock "0:00:00"]
[BlackClock "0:01:20"]

1. e4 d5 2. exd5 Qxd5 3. Nc3 Qa5 4. d4 Nf6 5. Nf3 Bf5 6. Ne5 c6 7. g4 Be6 8. Bg2 Nbd7 9. Nxd7 Bxd7 10. g5 Nd5 11. O-O Nxc3 12. Qe1 O-O-O 13. bxc3 e5 14. dxe5 Bc5 15. Rb1 Rhe8 16. Bf4 Qxa2 17. Qe4 g6 18. Rb3 Bf5 19. Qf3 Bb6 20. Rfb1 Qxc2 21. e6 Rxe6 22. Be3 Rxe3 23. fxe3 Qd2 24. Rxb6 axb6 25. Rxb6 Qd1+ 26. Qxd1 Rxd1+ 27. Kf2 Rd2+ 28. Kg3 Rd3 29. Kf4 Rxc3 30. e4 Be6 31. Ke5 Kc7 32. Rb2 b5 33. Kf6 Bb3 34. Kg7 c5 35. Kxh7 c4 36. Kg7 Rc2 37. Rxc2 Bxc2 38. Bf1 Bxe4 0-1


[Site "https://www.chess.com"]

[Event "Titled Tuesday Blitz May 23 Early 2023"]
[White "Ioannidis, Evgenios"]
[Black "Jovic, Stanoje"]
[WhiteFideId "4229274"]
[BlackFideId "905020"]
[WhiteElo "2386"]
[BlackElo "2236"]
[Result "1-0"]
[Round "06"]
[TimeControl "180+2"]
[Date "2023.05.23"]
[WhiteClock "0:02:00"]
[BlackClock "0:00:00"]

1. d4 Nf6 2. c4 e6 3. Nc3 Bb4 4. Qc2 O-O 5. e4 d5 6. e5 Ne4 7. Bd3 c5 8. Nf3 Nc6 9. O-O Nxd4 10. Nxd4 cxd4 11. Nxe4 dxe4 12. Bxe4 h6 13. a3 Be7 14. b4 a5 15. Rb1 Qc7 16. Bf4 Rd8 17. Rfd1 axb4 18. axb4 Ra3 19. c5 f5 20. exf6 Qxf4 21. fxe7 Re8 22. Rxd4 Qf6 23. Rbd1 Qxe7 24. b5 Rf8 25. c6 bxc6 26. bxc6 Qf6 27. c7 Ra1 28. Rxa1 Qxd4 29. Rd1 Qf6 30. Qc5 Re8 31. g3 g5 32. Qb6 Kg7 33. Rd8 Qa1+ 34. Kg2 Qf6 35. Rxe8 1-0


[Site "https://www.chess.com"]

[Event "Titled Tuesday Blitz May 23 Early 2023"]
[White "Rodchenkov, Sergey D."]
[Black "Srihari L R"]
[WhiteFideId "4168712"]
[BlackFideId "46617116"]
[WhiteElo "2277"]
[BlackElo "2334"]
[Result "0-1"]
[Round "06"]
[TimeControl "180+2"]
[Date "2023.05.23"]
[WhiteClock "0:00:08"]
[BlackClock "0:00:19"]

1. e4 d6 2. d4 Nf6 3. Nc3 e5 4. Nf3 Nc6 5. Bb5 exd4 6. Nxd4 Bd7 7. Bxc6 bxc6 8. O-O Be7 9. Bg5 O-O 10. Qd2 Rb8 11. b3 Re8 12. Rae1 h6 13. Bf4 Bf8 14. h3 Rb4 15. a3 Rb8 16. Bh2 c5 17. Nf5 Bxf5 18. exf5 Qd7 19. g4 Nh7 20. Kg2 Nf6 21. Kg1 Qc6 22. Rxe8 Rxe8 23. Re1 Rd8 24. g5 hxg5 25. Qxg5 d5 26. Be5 Re8 27. Re2 Nh7 28. Qg4 d4 29. Nd5 f6 30. Qf3 Kh8 31. Nf4 Qxf3 32. Ng6+ Kg8 33. Re3 0-1


[Site "https://www.chess.com"]

[Event "Titled Tuesday Blitz May 23 Early 2023"]
[White "Castellanos Gomez, Alejandro"]
[Black "Alex_Sahakyan2006"]
[WhiteFideId "22284141"]
[WhiteElo "2158"]
[BlackElo "2666"]
[Result "0-1"]
[Round "06"]
[TimeControl "180+2"]
[Date "2023.05.23"]
[WhiteClock "0:00:00"]
[BlackClock "0:00:43"]

1. d4 Nf6 2. Bf4 d5 3. e3 c5 4. c3 Nc6 5. Nd2 Qb6 6. Qb3 c4 7. Qc2 g6 8. e4 Nxe4 9. Nxe4 Bf5 10. f3 h5 11. Ne2 h4 12. g4 hxg3 13. N2xg3 dxe4 14. fxe4 Bg4 15. Bxc4 Rc8 16. Qb3 Qxb3 17. axb3 e5 18. dxe5 g5 19. Bxg5 Nxe5 20. O-O Bc5+ 21. Kh1 Nf3 22. h4 Nxg5 23. Kg2 Rxh4 24. Nf5 Bh3+ 25. Kh2 Rg4 26. Bxf7+ Nxf7 27. Kxh3 Rg6 28. Rad1 Nd6 29. b4 Nxf5 30. exf5 Rh6+ 31. Kg4 Be7 32. Rde1 Rc4+ 33. Rf4 Rh4+ 34. Kg3 Rcxf4 0-1


[Site "https://www.chess.com"]

[Event "Titled Tuesday Blitz May 23 Early 2023"]
[White "Rottenwohrer Suarez, Juan"]
[Black "Begmuratov, Alisher"]
[WhiteFideId "32068182"]
[BlackFideId "14203367"]
[WhiteElo "2174"]
[BlackElo "2387"]
[Result "0-1"]
[Round "06"]
[TimeControl "180+2"]
[Date "2023.05.23"]
[WhiteClock "0:00:00"]
[BlackClock "0:00:07"]

1. d4 Nf6 2. c4 e6 3. Nc3 d5 4. cxd5 Nxd5 5. e4 Nxc3 6. bxc3 c5 7. Rb1 Be7 8. Nf3 O-O 9. Bc4 b6 10. d5 Ba6 11. Bxa6 Nxa6 12. O-O exd5 13. exd5 Bf6 14. c4 Nc7 15. Bf4 Ne8 16. Re1 Nd6 17. Qc2 Qd7 18. Ne5 Qf5 19. Qxf5 Nxf5 20. Nd7 Rfe8 21. Nxf6+ gxf6 22. Kf1 Kg7 23. Rxe8 Rxe8 24. Re1 Rd8 25. g4 Nd4 26. Re7 b5 27. cxb5 Nxb5 28. Rb7 Nc3 29. d6 Nd5 30. Bg3 c4 31. Ke1 c3 32. Kd1 a6 33. Kc2 Re8 34. d7 Re2+ 35. Kc1 Re1+ 36. Kc2 Re2+ 37. Kd1 c2+ 38. Kxe2 c1=Q 39. d8=Q Qc2+ 40. Kf1 Qd1+ 41. Kg2 Ne3+ 42. fxe3 Qxd8 43. Ra7 Qd5+ 44. Kh3 Qxa2 45. Bf4 Qe6 46. Kg3 Qc4 47. h4 Qf1 48. g5 fxg5 49. hxg5 Qb5 50. Kg4 a5 51. Kg3 a4 52. Kg4 Qe2+ 53. Kg3 Qc4 54. Be5+ Kg6 55. Ra8 Qd5 56. Ra6+ Kf5 57. Bf4 Qb3 58. Kf3 Qb7+ 59. Kg3 Qxa6 0-1


[Site "https://www.chess.com"]